 Dungeon Crawl Stone Soup version 0.20.1-1-g8b1a95d (webtiles) character file.

2383 minmayStuckAtMickeyD the Ruffian (level 9, -6/92 HPs)
             Began as an Ogre Transmuter on July 22, 2017.
             Was a Priest of Cheibriados.
             Mangled by a killer bee (15 damage)
             ... on level 8 of the Dungeon.
             The game lasted 00:09:28 (6878 turns).

minmayStuckAtMickeyD the Ruffian (Ogre Transmuter)  Turns: 6878, Time: 00:09:28

Health: -6/92      AC:  4    Str: 22    XL:     9   Next: 45%
Magic:  17/17      EV: 10    Int: 23    God:    Cheibriados [***...]
Gold:   375        SH:  0    Dex: 17    Spells: 8/18 levels left

rFire    . . .     SeeInvis .     - Unarmed
rCold    . . .     Gourm    .   (no shield)
rNeg     . . .     Faith    .   b - +0 robe
rPois    .         Spirit   .   (helmet restricted)
rElec    .         Reflect  .   r - +0 cloak
rCorr    .         Harm     .   (gloves unavailable)
MR       .....                  (boots unavailable)
Stlth    +.........             (no amulet)
Regen    0.3/turn               (no ring)
MPRegen  0.2/turn               (no ring)

@: confused, lethally poisoned (-6 -> -6), very slow
A: unfitting armour, claws 1, agile 1, tough skin 1, wild magic 1
a: Bend Time, Temporal Distortion, Renounce Religion


You were on level 8 of the Dungeon.
You worshipped Cheibriados.
Cheibriados was most pleased with you.
You were not hungry.

You visited 2 branches of the dungeon, and saw 9 of its levels.
You also visited: Bailey.

You collected 375 gold pieces.

Inventory:

Missiles
 a - 77 arrows
Armour
 b - a +0 robe (worn)
 r - a +0 cloak (worn)
Jewellery
 E - a cursed ring of ice {unknown}
Wands
 B - a wand of confusion (27/48)
 C - a wand of lightning (8/15)
Scrolls
 g - 2 scrolls of magic mapping
 i - a scroll of enchant armour {unknown}
 n - 4 scrolls of remove curse
 t - a scroll of recharging {unknown}
 w - a scroll of blinking {unknown}
 x - a scroll of fog {unknown}
 y - a scroll of noise {unknown}
 F - a scroll of amnesia {unknown}
Potions
 e - a potion of mutation {unknown}
 h - 2 potions of brilliance
 j - 5 potions of curing
 k - 2 potions of ambrosia
 o - 2 potions of invisibility {unknown}
 p - a potion of heal wounds {unknown}
 s - 2 potions of flight {unknown}
 v - a potion of haste
 z - 2 potions of cancellation {unknown}
 A - a potion of might {unknown}
 D - a potion of degeneration {unknown}
Books
 c - a book of Changes

   Spells                             Type                      Level
   a - Beastly Appendage              Transmutation                1
   b - Sticks to Snakes               Transmutation                2
   c - Spider Form                    Transmutation/Poison         3
   d - Ice Form                       Ice/Transmutation            4
   e - Blade Hands                    Transmutation                5
 f - a book of Cantrips

   Spells                             Type                      Level
   a - Confusing Touch                Hexes                        1
   b - Animate Skeleton               Necromancy                   1
   c - Summon Small Mammal            Summoning                    1
   d - Apportation                    Translocation                1
Comestibles
 d - 3 bread rations
 l - 6 meat rations
 q - 4 royal jellies
 u - 6 fruits


   Skills:
 + Level 6.5 Fighting
 - Level 1.7 Dodging
 * Level 7.5 Unarmed Combat
 - Level 5.4 Spellcasting
 - Level 4.1 Transmutations
 - Level 3.0 Ice Magic
 + Level 4.5 Invocations


You had 8 spell levels left.
You knew the following spells:

 Your Spells              Type           Power        Failure   Level  Hunger
a - Beastly Appendage     Tmut           ####..       3%          1    None
b - Sticks to Snakes      Tmut           ####....     4%          2    None
c - Spider Form           Tmut/Pois      ###.......   17%         3    ##.....
d - Ice Form              Ice/Tmut       ####....     28%         4    ####...


Dungeon Overview and Level Annotations

Branches:
Dungeon (8/15)             Temple (1/1) D:4
   Lair: D:8-11

Altars:
Ashenzari
Cheibriados
Dithmenos
Elyvilon
Fedhas
Gozag
Hepliaklqana
Kikubaaqudgha
Makhleb
Nemelex Xobeh
Okawaru
Qazlal
Ru
Sif Muna
Trog
Uskayaw
Vehumet
Xom
Yredelemnul
Zin
The Shining One


Innate Abilities, Weirdness & Mutations

You are too large for most types of armour.
You have tough skin. (AC +1)
You have sharp fingernails.
You are agile. (Dex +2)
Your spells are a little harder to cast, but a little more powerful.


Message History

A killer bee comes into view.
As you read the scroll labeled HUORAU XULUATI, it crumbles to dust.
It is a scroll of enchant weapon.
You aren't carrying any weapons that can be enchanted.
You warm up again.
Your +0 cloak unmelds from your body.
Your +0 robe unmelds from your body.
The killer bee barely misses you. The killer bee stings you!
* * * LOW HITPOINT WARNING * * *
You are poisoned.
The killer bee poisons you! The killer bee barely misses you.
The killer bee closely misses you.
The queen bee calls on the killer bee to defend it!
The killer bee goes berserk!
The queen bee calls on something to defend it!
The killer bee barely misses you. The killer bee stings you.
* * * LOW HITPOINT WARNING * * *
Unknown command.
You are confused.
You feel invigorated.
You feel sick. The killer bee stings you!
You die...

**,,,,,,,,....***#.# ******,,,*
*,,,,,****,...# #.# ***,**
*,,,****,*,#..# #.# *,,,
*,,,*,*,*,**..# #.# ***,
*,,***.#,*,*#.# #.# **
*,,,*,#.#,*,#.####.# *##
*,,*,*,#y#,*#....y.############..
*,,**,*,#.###..##y...........#..#
*,,,**,*,#.#.yyy@y....######...##
*,,,*,**,##..yy#####....###..#...
*,,,,.####.).........##...>.#####
*,,,,.....$..............(.......
*,,,,.......:.....?...####.####..
*****##############....,,#.# ###
#.....,..* #......##* *,,,,,.*


You could see a queen bee and 7 killer bees.

Vanquished Creatures
  Pikel (D:8)
  A hippogriff (D:7)
  The ghost of Terandir the Conjurer, an amateur DECj (D:4)
  An ice beast (D:8)
  2 sky beasts (D:8)
  A slave (D:8)
  An ogre (D:5)
  A phantom (D:4)
  3 bullfrogs (D:7)
  A big kobold (D:8)
  2 scorpions
  3 wights (D:7)
  A crimson imp (D:6)
  2 howler monkeys
  A bullfrog zombie (D:7)
  4 hounds
  2 orc priests (D:4)
  A jelly (D:5)
  An iguana (D:6)
  2 orc wizards (D:3)
  5 worker ants
  7 adders
  3 worms
  3 dart slugs
  3 leopard geckos
  16 orcs
  6 bats
  8 giant cockroaches
  17 goblins
  8 hobgoblins
  8 kobolds
  3 quokkas
  3 ball pythons
  3 frilled lizards
  A quokka zombie (D:6)
  27 rats
153 creatures vanquished.

Vanquished Creatures (others)
  A slave (D:8)
  A kobold (D:8)
2 creatures vanquished.

Grand Total: 155 creatures vanquished

Notes
Turn   | Place    | Note
-------+----------+-------------------------------------------
     0 | D:1      | minmayStuckAtMickeyD the Ogre Transmuter began the quest for the Orb.
     0 | D:1      | Reached XP level 1. HP: 19/19 MP: 3/3
    49 | D:1      | Reached skill level 3 in Unarmed Combat
   301 | D:1      | Reached XP level 2. HP: 26/27 MP: 5/5
   305 | D:1      | Learned a level 2 spell: Sticks to Snakes
   775 | D:2      | Reached XP level 3. HP: 29/33 MP: 2/6
   787 | D:2      | Learned a level 3 spell: Spider Form
   874 | D:2      | Found a shattered altar of Ashenzari.
   877 | D:2      | Found a hazy altar of Hepliaklqana.
   880 | D:2      | Found a stormy altar of Qazlal.
  1754 | D:3      | Reached XP level 4. HP: 27/41 MP: 5/9
  2044 | D:3      | Found a white marble altar of Elyvilon.
  2121 | D:3      | Found a radiant altar of Vehumet.
  2331 | D:3      | Reached XP level 5. HP: 23/48 MP: 8/12
  2345 | D:3      | Reached skill level 5 in Spellcasting
  2770 | D:3      | Reached skill level 4 in Unarmed Combat
  2981 | D:4      | Learned a level 4 spell: Ice Form
  3070 | D:4      | Noticed Terandir's ghost (amateur DECj)
  3076 | D:5      | Entered Level 5 of the Dungeon
  3371 | D:5      | Found an iron altar of Okawaru.
  3395 | D:5      | Found a white marble altar of Elyvilon.
  3435 | D:5      | Reached XP level 6. HP: 47/59 MP: 7/13
  3573 | D:5      | Found a hide-covered altar of Uskayaw.
  3851 | D:5      | Reached skill level 1 in Ice Magic
  4001 | D:4      | Found a staircase to the Ecumenical Temple.
  4045 | D:4      | Killed Terandir's ghost
  4045 | D:4      | Reached XP level 7. HP: 22/66 MP: 11/14
  4065 | Temple   | Entered the Ecumenical Temple
  4137 | Temple   | Became a worshipper of Cheibriados the Contemplative
  4409 | D:4      | Reached * piety under Cheibriados
  4886 | D:4      | Found an opulent altar of Gozag.
  4887 | D:4      | Found a sacrificial altar of Ru.
  4888 | D:4      | Found a deep blue altar of Sif Muna.
  4892 | D:4      | Reached ** piety under Cheibriados
  5415 | D:6      | Reached skill level 1 in Invocations
  5415 | D:6      | Reached XP level 8. HP: 75/75 MP: 11/16
  5471 | D:6      | Reached skill level 5 in Unarmed Combat
  5472 | D:6      | Found a glowing golden altar of the Shining One.
  6220 | D:7      | Found a flagged portal.
  6241 | Bailey   | Entered a bailey
  6424 | D:7      | Noticed a hippogriff
  6437 | D:7      | Killed a hippogriff
  6437 | D:7      | Reached skill level 5 in Fighting
  6437 | D:7      | Reached skill level 6 in Unarmed Combat
  6664 | D:8      | Reached XP level 9. HP: 88/88 MP: 13/17
  6672 | D:8      | Found a sparkling altar of Nemelex Xobeh.
  6691 | D:8      | Gained mutation: You are resistant to hostile enchantments. (MR+) [mutagenic meat]
  6692 | D:8      | Lost mutation: You are resistant to hostile enchantments. (MR+) [mutagenic meat]
  6693 | D:8      | Gained mutation: You are agile. (Dex +2) [mutagenic meat]
  6712 | D:8      | Noticed Pikel
  6726 | D:8      | Killed Pikel
  6726 | D:8      | Reached skill level 7 in Unarmed Combat
  6772 | D:8      | Reached *** piety under Cheibriados
  6847 | D:8      | Gained mutation: You have sharp fingernails. [mutagenic meat]
  6848 | D:8      | Gained mutation: Your spells are a little harder to cast, but a little more powerful. [mutagenic meat]
  6849 | D:8      | Gained mutation: Your spells are harder to cast, but more powerful. [mutagenic meat]
  6850 | D:8      | Lost mutation: Your spells are harder to cast, but more powerful. [mutagenic meat]
  6865 | D:8      | Noticed a queen bee
  6878 | D:8      | Mangled by a killer bee

Skill      XL: |  1  2  3  4  5  6  7  8  9 |
---------------+----------------------------+-----
Unarmed Combat | 3 4 6 7 |  7.5
Spellcasting   | 3 4 5 |  5.4
Fighting       | 2 3 5 6 |  6.5
Transmutations | 2 4 |  4.1
Ice Magic      | 3 |  3.0
Invocations    | 1 3 4 |  4.5
Dodging        | |  1.7

Action                   |  1- 3 |  4- 6 |  7- 9 || total
-------------------------+-------+-------+-------++-------
Melee: Unarmed           |   108 |   145 |   237 ||   490
       Kick              |     5 |       |     2 ||     7
       Punch             |     1 |     2 |       ||     3
       Headbutt          |     2 |       |     2 ||     4
 Cast: Beastly Appendage |    15 |     1 |     2 ||    18
       Sticks to Snakes  |     2 |     1 |     2 ||     5
       Spider Form       |     3 |    14 |     3 ||    20
       Ice Form          |       |       |    19 ||    19
Invok: Bend Time         |       |       |     1 ||     1
 Abil: End Transformatio |       |       |     1 ||     1
  Use: Potion            |       |       |     3 ||     3
       Scroll            |       |       |     8 ||     8
 Stab: Sleeping          |     1 |       |     1 ||     2
  Eat: Chunk             |     3 |    10 |    14 ||    27
       Bread ration      |       |       |     1 ||     1
Armor: Robe              |    27 |    29 |     7 ||    63
       Skin              |       |     5 |    71 ||    76
Dodge: Dodged            |    50 |   107 |   157 ||   314
